 Dungeon Crawl Stone Soup version 0.28-a0-1638-g9123634e07 (webtiles) character file.

Game seed: 14890625951978143922

11218 mathmaestro the Grappler (level 11, -1/111 HPs)
             Began as a Troll Monk on Jan 25, 2022.
             Slain by a six-headed hydra (7 damage)
             ... while petrified by a basilisk
             ... on level 3 of the Lair of Beasts.
             The game lasted 00:23:33 (9623 turns).

mathmaestro the Grappler (Troll Monk)               Turns: 9623, Time: 00:23:34

Health: -1/111     AC:  6    Str: 25    XL:     11   Next: 46%
Magic:  0/8        EV:  1    Int:  6    God:
Gold:   201        SH:  0    Dex: 12    Spells: 10/10 levels left

rFire   . . .      SeeInvis .     - Unarmed
rCold   . . .      Faith    .   (no shield)
rNeg    + + +      Spirit   +   a - +0 robe
rPois   ∞          Reflect  .   (helmet restricted)
rElec   .          Harm     .   o - +1 cloak
rCorr   .          Rampage  .   (gloves unavailable)
Will    .....                   (boots unavailable)
Stlth   ++........              c - amulet of guardian spirit
HPRegen 1.08/turn               s - +4 ring of evasion
MPRegen 0.11/turn               B - +4 ring of evasion

@: petrified, studying 2 skills
A: large, unfitting armour, claws 3, regeneration 1, shaggy fur 1, tough skin 1,
antennae 1, low mp 1, wild magic 1, MP-powered wands
a: no special abilities


You were on level 3 of the Lair of Beasts.
You visited 3 branches of the dungeon, and saw 14 of its levels.
You also visited: Ossuary.

You collected 595 gold pieces.
You spent 394 gold pieces at shops.

Inventory:

Hand Weapons
 l - a +4 battleaxe
Missiles
 d - 4 curare-tipped darts (quivered)
 f - 237 arrows
 g - 12 poisoned darts
 h - 245 stones
 m - 29 bolts
 t - 62 sling bullets
 A - 17 boomerangs
 N - 2 throwing nets
Armour
 a - a +0 robe (worn)
 o - a +1 cloak (worn)
Jewellery
 c - an amulet of guardian spirit (around neck)
 s - a +4 ring of evasion (left claw)
 B - a +4 ring of evasion (right claw)
Wands
 K - a wand of polymorph (11)
 L - a wand of iceblast (9)
 R - a wand of paralysis (2)
Scrolls
 e - 7 scrolls of magic mapping
 k - 5 scrolls of teleportation
 n - 2 scrolls of identify
 u - 2 scrolls of enchant weapon
 y - 4 scrolls of blinking
 z - a scroll of fear
Potions
 b - 3 potions of haste
 j - 3 potions of mutation
 p - 3 potions of brilliance
 q - 3 potions of attraction
 r - a potion of berserk rage
 v - 3 potions of heal wounds
 C - a potion of flight
 D - 2 potions of curing
 F - a potion of might
 I - a potion of magic
 O - 6 potions of ambrosia
 Q - a potion of lignification {unknown}
Miscellaneous
 S - a box of beasts


   Skills:
 + Level 8.2 Fighting
 + Level 8.3 Throwing
 + Level 7.9 Dodging
 - Level 1.0 Stealth
 + Level 9.5 Unarmed Combat
 + Level 3.2 Evocations


You had 10 spell levels left.
You didn't know any spells.
Your spell library contained the following spells:

 Spells                   Type           Power      Damage    Failure   Level
 Magic Dart               Conj           0%         1d3       54%         1
 Ensorcelled Hibernation  Hex/Ice        0%         N/A       67%         2
 Passwall                 Tmut/Erth      0%         N/A       67%         2
 Searing Ray              Conj           0%         2d4       67%         2
 Conjure Flame            Conj/Fire      0%         6-21      88%         3
 Dazzling Flash           Conj/Hex       0%         N/A       88%         3
 Ignite Poison            Fire/Tmut/Pois 0%         N/A       88%         3
 Stone Arrow              Conj/Erth      0%         3d7       88%         3
 Swiftness                Air            0%         N/A       88%         3
 Animate Armour           Summ/Erth      0%         N/A       99%         4
 Fulminant Prism          Conj/Hex       0%         3d6       99%         4
 Sticky Flame             Conj/Fire      0%         2d3       99%         4
 Agony                    Necr           0%         N/A       100%        5
 Silence                  Hex/Air        0%         N/A       100%        5
 Lehudib's Crystal Spear  Conj/Erth      0%         10d2      100%        8


Dungeon Overview and Level Annotations

Branches:
Dungeon (10/15)            Temple (1/1) D:5            Lair (3/6) D:8
Ossuary (visited)
  Swamp: Lair:2-4    Shoals: Lair:2-4     Snake: Lair:2-4    Spider: Lair:2-4
    Orc: D:9-12

Altars:
Ashenzari
Cheibriados
Dithmenos
Elyvilon
Fedhas
Gozag
Hepliaklqana
Kikubaaqudgha
Makhleb
Nemelex Xobeh
Okawaru
Qazlal
Ru
Sif Muna
Trog
Uskayaw
Vehumet
Wu Jian
Xom
Yredelemnul
Zin
The Shining One

Shops:
D:4 *   D:9 :   D:10 !

Annotations:
D:4 Natasha


Innate Abilities, Weirdness & Mutations

You are too large for most types of armour.
You have claws for hands.
Your natural rate of healing is unusually fast.
You are covered in fur. (AC +1)
You have tough skin. (AC +1)
You have a pair of small antennae on your head.
Your magical capacity is low. (-10% MP)
Your spells are a little harder to cast, but a little more powerful.
You expend magic power (3 MP) to strengthen your wands.


Message History

The six-headed hydra bites you! x2
* * * LOW HITPOINT WARNING * * *
The six-headed hydra bites you.
* * * LOW HITPOINT WARNING * * *
The six-headed hydra misses you. The basilisk gazes at you.
You are slowing down.
Blink to where?
Press: ? - help, Dir - move target, p - six-headed hydra
As you read the scroll of blinking, it crumbles to dust.
Your limbs are stiffening.
Unknown command.
You feel better. The basilisk gazes at you. You resist with some effort.
You have turned to stone.
The basilisk gazes at you. You resist with some effort.
The six-headed hydra bites you. x3
* * * LOW HITPOINT WARNING * * *
The six-headed hydra bites you.
* * * LOW HITPOINT WARNING * * *
The six-headed hydra bites you!
* * * LOW HITPOINT WARNING * * *
The six-headed hydra bites you but does no damage.
The six-headed hydra bites you!
* * * LOW HITPOINT WARNING * * *
The six-headed hydra bites you but does no damage.
The six-headed hydra bites you.
* * * LOW HITPOINT WARNING * * *
The six-headed hydra bites you!
* * * LOW HITPOINT WARNING * * *
The six-headed hydra bites you.
* * * LOW HITPOINT WARNING * * *
The six-headed hydra bites you but does no damage.
The six-headed hydra bites you!
* * * LOW HITPOINT WARNING * * *
The six-headed hydra barely misses you. The six-headed hydra bites you.
* * * LOW HITPOINT WARNING * * *
The six-headed hydra bites you!
You die...

##### ####.#.P#. ...
.......... ......
#....... ....... #......
##....# #######....##
#.....# #...##......#
.......##....##.@..# ..
P.....#.#....#..D..## ...
#.....†..<.##...l.P##..#
##.....##...###....##.#..
......#.##.## #..........
......###### #..........
......P#.#.####..(.......
.....†............$......
.).......................


You could see a six-headed hydra and a basilisk.

Vanquished Creatures
  The ghost of Clumpoid the Blocker, a novice GnFi of Cheibriados (D:7)
  Pikel (D:5)
  A cyclops (D:8)
  2 centaur zombies (D:10)
  A black mamba (Lair:2)
  3 cane toads
  A queen bee (D:9)
  A troll (D:7)
  Grinder (D:4)
  Prince Ribbit (D:5)
  A wyvern (Lair:1)
  4 yaks
  2 steam dragons (D:8)
  3 wargs (D:8)
  3 water moccasins
  An acid dragon (D:10)
  2 black bears (D:7)
  4 orc warriors
  3 ice beasts
  A hornet zombie (D:7)
  4 necrophages
  3 wolves (Lair:3)
  2 ogres
  2 phantoms (D:5)
  5 centaurs
  3 kobold brigands
  2 bullfrogs (Lair:1)
  2 scorpions
  A gnoll sergeant (D:8)
  5 water moccasin zombies (Ossuary)
  31 killer bees
  6 wights
  2 howler monkeys
  A bullfrog zombie (D:5)
  4 hounds
  A gnoll shaman (D:7)
  6 orc priests
  An iguana (D:6)
  Natasha (D:4)
  10 orc wizards
  A scorpion zombie (D:5)
  2 killer bee zombies
  2 hound skeletons
  2 mummies (Ossuary)
  A howler monkey zombie (D:8)
  5 gnolls
  6 adders
  A howler monkey skeleton (D:7)
  A white imp (D:7)
  3 adder zombies (Ossuary)
  An adder skeleton (D:4)
  2 worms (D:4)
  5 dart slugs
  28 orcs
  12 ball pythons
  5 endoplasms
  6 giant cockroaches
  3 gnoll zombies (Ossuary)
  8 goblins
  6 hobgoblins
  2 jackals (D:1)
  9 kobolds
  4 quokkas
  6 bats
  A frilled lizard (D:1)
  6 hobgoblin zombies (Ossuary)
  A kobold zombie (Ossuary)
  3 orc zombies (Ossuary)
  3 rats
264 creatures vanquished.

Vanquished Creatures (others)
  An orc (D:8)
  2 fungi (Lair:1)
  A plant (Lair:1)
4 creatures vanquished.

Grand Total: 268 creatures vanquished

Notes
Turn   | Place    | Note
-------+----------+-------------------------------------------
     0 | D:1      | mathmaestro the Troll Monk began the quest for the Orb.
     0 | D:1      | Reached XP level 1. HP: 22/22 MP: 0/0
   145 | D:1      | Reached XP level 2. HP: 29/29 MP: 1/1
   494 | D:1      | Reached XP level 3. HP: 36/36 MP: 2/2
   868 | D:2      | Found a faded altar of an unknown god.
  1087 | D:2      | Reached XP level 4. HP: 45/45 MP: 3/3
  1112 | D:2      | Found a basalt altar of Yredelemnul.
  1117 | D:2      | Reached skill level 1 in Throwing
  1853 | D:3      | Identified the +1 whip of the People {vorpal, rF+ Str+4}
  1900 | D:3      | Reached XP level 5. HP: 53/53 MP: 2/4
  2214 | D:4      | Noticed a necrophage
  2224 | D:4      | Killed a necrophage
  2225 | D:4      | Reached skill level 4 in Unarmed Combat
  2232 | D:4      | Found Inefabia's Assorted Antiques.
  2247 | D:4      | Noticed Natasha
  2255 | D:4      | Killed Natasha
  2268 | D:4      | Noticed Natasha
  2336 | D:4      | Reached XP level 6. HP: 61/61 MP: 5/5
  2344 | D:4      | Found a sand-covered staircase.
  2348 | Ossuary  | Entered an ossuary
  2492 | Ossuary  | Reached XP level 7. HP: 67/70 MP: 4/6
  2730 | D:4      | Noticed Grinder
  2743 | D:4      | Killed Grinder
  2744 | D:4      | Reached skill level 5 in Unarmed Combat
  3397 | D:5      | Entered Level 5 of the Dungeon
  3397 | D:5      | Noticed Pikel
  3405 | D:5      | Killed Pikel
  3406 | D:5      | Reached skill level 5 in Fighting
  3406 | D:5      | Reached skill level 6 in Unarmed Combat
  3406 | D:5      | Reached XP level 8. HP: 61/80 MP: 5/7
  3525 | D:5      | Reached skill level 5 in Dodging
  3627 | D:5      | Noticed Prince Ribbit
  3643 | D:5      | Killed Prince Ribbit
  3744 | D:5      | Reached skill level 5 in Throwing
  3744 | D:5      | Reached XP level 9. HP: 88/88 MP: 8/8
  3925 | D:5      | Found a staircase to the Ecumenical Temple.
  3936 | Temple   | Entered the Ecumenical Temple
  4489 | D:6      | Reached skill level 7 in Unarmed Combat
  5223 | D:7      | Found a runed translucent gate.
  5223 | D:7      | Found a runed translucent gate.
  5224 | D:7      | Noticed Clumpoid's ghost (novice GnFi)
  5354 | D:7      | Noticed a troll
  5372 | D:7      | Killed a troll
  5402 | D:7      | Reached XP level 10. HP: 95/100 MP: 7/9
  5455 | D:7      | Reached skill level 8 in Unarmed Combat
  5522 | D:7      | Found a runed translucent gate.
  5556 | D:7      | Killed Clumpoid's ghost
  6342 | D:8      | Found a staircase to the Lair.
  6370 | D:8      | Reached skill level 1 in Evocations
  6416 | D:8      | Noticed a cyclops
  6423 | D:8      | Killed a cyclops
  6616 | D:8      | Found a white marble altar of Elyvilon.
  7293 | D:9      | Gained mutation: Your magical capacity is low. (-10% MP)
                  | [potion of mutation]
  7293 | D:9      | Gained mutation: You have a pair of small antennae on your
                  | head. [potion of mutation]
  7293 | D:9      | Gained mutation: You expend magic power (3 MP) to
                  | strengthen your wands. [potion of mutation]
  7293 | D:9      | Gained mutation: Your spells are a little harder to cast,
                  | but a little more powerful. [potion of mutation]
  7295 | D:9      | Reached skill level 9 in Unarmed Combat
  7309 | D:9      | Reached XP level 11. HP: 62/109 MP: 3/8
  7803 | D:9      | Found Wuneliv's Book Shoppe.
  7926 | D:10     | Entered Level 10 of the Dungeon
  7948 | D:10     | Found Ychyvykui's Distillery.
  8024 | D:10     | Bought a potion of curing for 39 gold pieces
  8024 | D:10     | Bought a potion of heal wounds for 65 gold pieces
  8024 | D:10     | Bought a potion of haste for 130 gold pieces
  8957 | D:4      | Bought an onyx ring for 160 gold pieces
  9093 | D:8      | Identified 2 scrolls of acquirement
  9093 | D:8      | Acquired a manual of Fighting
  9117 | D:8      | Acquired a manual of Throwing
  9174 | Lair:1   | Entered Level 1 of the Lair of Beasts
  9606 | Lair:3   | Noticed a six-headed hydra
  9623 | Lair:3   | Slain by a six-headed hydra

Illustrated notes

Levels and vault maps discovered:
D:1:      lightli_arrival_noodles, layout_loops_corners
D:2:      layout_loops_ring, serial_forest, infiniplex_forest_lined_room_2,
          infiniplex_forest_lined_3, infiniplex_forest_lined_3,
          infiniplex_forest_straight_2, infiniplex_forest_lined_3,
          infiniplex_forest_side_room, infiniplex_forest_lined_ring,
          infiniplex_forest_lined_1, infiniplex_forest_lined_room_3,
          infiniplex_forest_corner_1, nicolae_ecumenical_snake_handling,
          kennysheep_flooded_box
D:3:      layout_loops_ring, kennysheep_generic_room_5
D:4:      layout_loops_corners, enter_ossuary_5, serial_shops, shop,
          minmay_misc_feat_hallway, minmay_distorted, uniq_grinder, uniq_natasha
D:5:      layout_basic, minmay_temple_entry_trees, uniq_prince_ribbit1,
          uniq_pikel
D:6:      layout_gridville
D:7:      cheibrodos_barr_body, layout_loops_cross, ebering_ghost_rock_garden
D:8:      layout_gridville, mainiacjoe_overflow_catwalk,
          erik_lair_orcish_takeover, grunt_ogre_cave
D:9:      layout_roguey [special_room_bee], serial_shops,
          nicolae_shop_behind_doors
D:10:     layout_basic, serial_shops, shop
Temple:   nicolae_temple_the_god_donut
Lair:1:   layout_gridlike, uniq_gastronok
Lair:2:   layout_chaotic_city, minmay_snake_entry_guardpost_medium
Lair:3:   layout_regular_city

Skill      XL: |  1  2  3  4  5  6  7  8  9 10 11 |
---------------+----------------------------------+-----
Fighting       | 3 4 5 6 7 8 |  8.2
Dodging        | 3 4 5 6 7 |  7.9
Throwing       | 1 2 4 5 6 7 8 |  8.3
Unarmed Combat | 4 6 7 9 |  9.5
Evocations     | 2 3 |  3.2
Stealth        | |  1.0

Action                   |  1- 3 |  4- 6 |  7- 9 | 10-12 || total
-------------------------+-------+-------+-------+-------++-------
Melee: Unarmed           |    85 |   152 |   224 |   464 ||   925
       Punch             |     5 |     4 |     8 |    28 ||    45
Throw: Boomerang         |       |       |     4 |       ||     4
       Large rock        |       |       |       |     6 ||     6
Evoke: Wand              |       |       |       |     1 ||     1
  Use: Scroll            |       |     1 |     4 |    23 ||    28
       Potion            |       |       |       |     5 ||     5
 Stab: Sleeping          |     1 |     4 |     1 |     1 ||     7
Armor: Robe              |    16 |    43 |    23 |    69 ||   151
Dodge: Dodged            |    45 |   107 |   145 |   485 ||   782

Table legend: (Time is in decaauts)
 A = Elapsed time spent in this place.
 B = Non-inter-level travel time spent in this place.
 C = Inter-level travel time spent in this place.
 D = Time resting spent in this place.
 E = Time spent auto-exploring this place.
 F = Levels seen in this place.
 G = Mean time per level.
                   A        B        C        D        E       F      G
               +--------+--------+--------+--------+--------+-----+--------+
         Total |   9526 |   8832 |    694 |    434 |   6485 |  15 |  635.1 |
       Dungeon |   8605 |   7947 |    658 |    257 |   6043 |  10 |  860.5 |
        Temple |    240 |    229 |     11 |      0 |    214 |   1 |  240.0 |
          Lair |    444 |    420 |     24 |    152 |    131 |   3 |  148.0 |
       Ossuary |    235 |    235 |      0 |     25 |     97 |   1 |  235.0 |
               +--------+--------+--------+--------+--------+-----+--------+

Top non-repeatable levels by time:
     D:8: 1179 daAuts
     D:4: 978 daAuts
     D:6: 969 daAuts
     D:7: 927 daAuts
    D:10: 904 daAuts
     D:9: 837 daAuts
     D:1: 830 daAuts
     D:2: 720 daAuts
     D:3: 642 daAuts
     D:5: 616 daAuts
  Temple: 240 daAuts
 Ossuary: 235 daAuts
  Lair:1: 220 daAuts
  Lair:2: 149 daAuts
  Lair:3: 74 daAuts
